 Dungeon Crawl Stone Soup version 0.16.1-28-gcc2312f (webtiles) character file.

128 Kidiri the Sneak (level 5, 0/34 HPs)
             Began as a Halfling Assassin on May 27, 2015.
             Slain by Grinder (8 damage)
             ... on level 3 of the Dungeon.
             The game lasted 00:17:00 (2684 turns).

Kidiri the Sneak (Halfling Assassin)                Turns: 2684, Time: 00:17:00

Health: 0/34       AC:  4    Str: 11      XL:     5   Next: 33%
Magic:  5/5        EV: 15    Int: 15      God:
Gold:   91         SH:  0    Dex: 16 (17) Spells: 0 memorised, 4 levels left

rFire  + . .     SeeInvis .     v - +0 dagger (drain)
rCold  x . .     Clarity  .     c - +0 robe
rNeg   . . .     SustAb   .     (no shield)
rPois  .         Gourm    .     (no helmet)
rElec  .         Spirit   .     d - +0 cloak
rCorr  .         Warding  .     (no gloves)
rMut   .         Stasis   .     r - +0 pair of boots (curse)
MR     .....                    (no amulet)
Stlth  +++.......               t - ring of wizardry
                                j - ring of fire

@: brilliant, not resistant to hostile enchantments, fairly stealthy
A: mutation resistance 1
a: no special abilities


You were on level 3 of the Dungeon.
You were hungry.

You visited 1 branch of the dungeon, and saw 3 of its levels.

You collected 91 gold pieces.

Inventory:

Hand weapons
 a - a +2 dagger
 b - a +0 blowgun
 n - a +1 short sword of flaming
 s - a +0 dagger
 v - a +0 dagger of draining (weapon)
 w - a +0 dagger
 C - a cursed -2 dagger
Missiles
 e - 7 poisoned needles
 f - 2 curare-tipped needles
Armour
 c - a +0 robe (worn)
 d - a +0 cloak (worn)
 r - a cursed +0 pair of boots (worn)
 y - a +0 robe
Jewellery
 j - a ring of fire (left hand)
 t - a ring of wizardry (right hand)
Scrolls
 p - 2 scrolls of magic mapping
 x - 2 scrolls of identify
Potions
 k - a potion of restore abilities
 l - a potion of cancellation {unknown}
 m - a potion of invisibility {unknown}
 o - a potion of mutation {unknown}
 q - 3 potions of ambrosia
 u - a potion of haste {unknown}
 z - a potion of cure mutation {unknown}
 D - a potion of degeneration
Comestibles
 g - 4 bread rations
 h - 3 fruits
 i - a meat ration
 B - a beef jerky


   Skills:
 + Level 2.2 Fighting
 * Level 3.7 Short Blades
 * Level 3.6 Throwing
 * Level 2.6 Dodging
 * Level 5.3 Stealth


You had 4 spell levels left.
You didn't know any spells.

Dungeon Overview and Level Annotations

Branches:
Dungeon (3/15)

Altars:

Annotations:
D:3 Grinder, Robin


Innate Abilities, Weirdness & Mutations

You are small and have problems with some larger weapons.
You are somewhat resistant to further mutation.


Message History

You hit Robin. You drain Robin!
Robin is heavily wounded.
Robin hits you with a trident of flaming.
Robin burns you. Robin completely misses you.
You hit Grinder but do no damage. You closely miss Robin.
Robin is heavily wounded.
Grinder hits you.
* * * LOW HITPOINT WARNING * * *
You writhe in agony.
* * * LOW HITPOINT WARNING * * *
Robin misses you.
The hobgoblin hits you but does no damage.
Read which item? (? for menu, Esc to quit)
As you read the scroll labeled CROTIB ONGINIE, it crumbles to dust.
It is a scroll of identify.
Identify which item? (\ to view known items) (? for menu, Esc to quit)
k - a potion of restore abilities Robin hits you but does no damage.
Grinder hits you!
You die...

......# #...#......#
......# #...#.......
.##########...#.....#.
..............#.....#
..............#.....#
...........####.....#
..............'.....#
........)...###5l...#
............# #.@g..#
............# ##g####
............## #.#####
.............# #.g))g#
.............# #####5#
######.......# .(.
#.......# ..5..
#....##.# ####.#
#....# ..# .


You could see Grinder, Robin, a giant gecko and 2 hobgoblins.

Vanquished Creatures
  Ijyb (D:2)
  5 adders
  A worm (D:2)
  A giant gecko (D:3)
  An ooze (D:2)
  5 bats
  12 goblins
  6 hobgoblins
  5 kobolds
  A quokka (D:3)
  A giant cockroach (D:1)
  5 giant newts
  7 jackals
  6 rats
57 creatures vanquished.

Notes
Turn   | Place    | Note
--------------------------------------------------------------
     0 | D:1      | Kidiri, the Halfling Assassin, began the quest for the Orb.
     0 | D:1      | Reached XP level 1. HP: 14/14 MP: 1/1
   225 | D:1      | Reached XP level 2. HP: 16/19 MP: 2/2
   554 | D:1      | Reached skill level 5 in Stealth
   890 | D:1      | Reached XP level 3. HP: 24/24 MP: 3/3
  1553 | D:2      | Reached XP level 4. HP: 24/29 MP: 4/4
  1698 | D:2      | Noticed Ijyb
  1706 | D:2      | Killed Ijyb
  2502 | D:3      | Reached XP level 5. HP: 31/34 MP: 5/5
  2640 | D:3      | Noticed Robin
  2643 | D:3      | Noticed Grinder
  2684 | D:3      | Slain by Grinder

Action                   |  1- 3 |  4- 6 || total
-------------------------+-------+-------++-------
Melee: Short sword       |    80 |     3 ||    83
       Dagger            |     8 |    80 ||    88
 Fire: Blowgun           |       |     3 ||     3
  Use: Scroll            |     2 |     1 ||     3
       Potion            |       |     3 ||     3
 Stab: Sleeping          |     4 |     5 ||     9
  Eat: Chunk             |     2 |     3 ||     5
